 Dungeon Crawl Stone Soup version 0.21.1-1-g345015fe64 (webtiles) character file.

1552 Dox the Covert (level 8, -5/54 HPs)
             Began as an Octopode Fighter on Apr 9, 2018.
             Slain by Duvessa
             ... wielding a +2 rapier of speed
              (17 damage)
             ... on level 6 of the Dungeon.
             The game lasted 00:24:59 (4135 turns).

Dox the Covert (Octopode Fighter)                   Turns: 4135, Time: 00:24:59

Health: -5/54      AC:  1    Str: 15    XL:     8   Next: 88%
Magic:  9/9        EV: 13    Int: 11    God:
Gold:   258        SH:  9    Dex: 13    Spells: 7/7 levels left

rFire    . . .     SeeInvis .   q - +0 dagger (speed)
rCold    . . .     Gourm    .   b - +0 shield
rNeg     . . .     Faith    .   (helmet restricted)
rPois    .         Spirit   .   (no amulet)
rElec    .         Reflect  .   (no ring)
rCorr    .         Harm     .   (no ring)
MR       .....                  (no ring)
Stlth    +++++.....             (no ring)
HPRegen  0.18/turn              (no ring)
MPRegen  0.11/turn              (no ring)
                                (no ring)
                                (no ring)

@: no status effects
A: almost no armour, stealthy swim, amphibious, 8 rings, constrict 8, camouflage
1, gelatinous body 1
a: no special abilities


You were on level 6 of the Dungeon.
You were not hungry.

You visited 2 branches of the dungeon, and saw 7 of its levels.

You collected 258 gold pieces.

Inventory:

Hand Weapons
 a - a +0 rapier
 q - a +0 dagger of speed (weapon)
Missiles
 i - 103 stones (quivered)
 l - 3 tomahawks
Armour
 b - a +0 shield (worn)
Jewellery
 v - an uncursed amulet of the gourmand {unknown}
Wands
 o - a wand of paralysis (2)
Scrolls
 g - 2 scrolls of blinking {unknown}
 h - 5 scrolls of identify {unknown}
 j - a scroll of noise {unknown}
 k - 4 scrolls of teleportation {unknown}
 m - a scroll of magic mapping {unknown}
 r - a scroll of enchant armour {unknown}
 u - a scroll of immolation {unknown}
Potions
 e - a potion of resistance {unknown}
 f - a potion of degeneration {unknown}
 n - 3 potions of curing {unknown}
 p - a potion of lignification {unknown}
 s - a potion of heal wounds {unknown}
 t - a potion of ambrosia {unknown}
 w - a potion of might
 x - 2 potions of brilliance {unknown}
Books
 c - a Necronomicon

   Spells                             Type                      Level
   a - Haunt                          Necromancy/Summoning         7
   b - Borgnjor's Revivification      Necromancy                   8
   c - Death's Door                   Charms/Necromancy            8
   d - Infestation                    Necromancy                   8
   e - Necromutation                  Transmutation/Necromancy     8
Comestibles
 d - 12 rations
 z - 2 chunks of flesh


   Skills:
 * Level 4.2 Fighting
 * Level 5.6 Short Blades
 + Level 2.6 Throwing
 * Level 4.1 Dodging
 * Level 8.0 Stealth
 * Level 4.1 Shields
 * Level 3.9 Unarmed Combat
 * Level 1.3 Evocations


You had 7 spell levels left.
You didn't know any spells.

Dungeon Overview and Level Annotations

Branches:
Dungeon (6/15)             Temple (1/1) D:4

Altars:
Ashenzari
Cheibriados
Elyvilon
Fedhas
Gozag
Hepliaklqana
Kikubaaqudgha
Nemelex Xobeh
Ru
Sif Muna
Trog
Uskayaw
Wu Jian
Xom
Yredelemnul
Zin
The Shining One

Annotations:
D:5 Dox's ghost, novice OpFi
D:6 Duvessa


Innate Abilities, Weirdness & Mutations

You cannot wear most types of armour.
You are very stealthy in the water. (Stealth+)
You are amphibious.
You can wear up to eight rings at the same time.
You can use your tentacles to constrict eight enemies at once.
Your skin changes colour to match your surroundings (Stealth+).
Your rubbery body absorbs attacks. (AC +1, EV +1)


Message History

You constrict Dowan. Dowan hits you with a dagger.
Duvessa says, "Where magic fails, the sword succeeds!"
You hit Dowan.
Dowan is almost dead.
You constrict Dowan.
You kill Dowan!
Duvessa screams in rage.
Duvessa goes berserk!
Your Stealth skill increases to level 8!
Duvessa hits you with a rapier of speed!
Duvessa rages.
You block Duvessa's attack.
Duvessa hits you with a rapier of speed!!
* * * LOW HITPOINT WARNING * * *
You block Duvessa's attack. You block Duvessa's attack.
You block Duvessa's attack.
The crimson imp blinks!
Duvessa hits you with a rapier of speed!
You die...

######## #.)....#
#(####.####### ...
#...5...#
.(...####..####ยง#
####.##.......##.# ...#
#. #.##.....#.# #...# #e
# ##.#..#e# #...# #$
#.....@.# #...#
#.....5.#######...#####
#.......##.............
#.......................
#.#........#.............
..##..>.....######...####
.. #........# #...#
##.###.#.# #...# #. #.#.#
#...#


You could see Duvessa (berserk) and a crimson imp.

Vanquished Creatures
  Pikel (D:4)
  Grinder (D:4)
  Sigmund (D:3)
  The ghost of Name63 the Grave Robber, an amateur GnWn (D:4)
  3 slaves (D:4)
  An ogre (D:5)
  A centaur (D:6)
  Dowan (D:6)
  2 crimson imps
  A hound (D:4)
  An orc priest (D:3)
  2 orc wizards (D:3)
  Ijyb (D:3)
  Jessica (D:3)
  A worker ant (D:4)
  A howler monkey zombie (D:5)
  6 adders
  An adder skeleton (D:4)
  An adder zombie (D:5)
  2 dart slugs
  A leopard gecko (D:2)
  10 orcs (D:3)
  A ball python (D:1)
  2 giant cockroaches
  9 goblins
  6 hobgoblins
  4 jackals (D:4)
  3 quokkas (D:3)
  7 bats
  5 frilled lizards
  A jackal skeleton (D:4)
  4 kobolds
  A quokka skeleton (D:3)
  6 rats
90 creatures vanquished.

Notes
Turn   | Place    | Note
-------+----------+-------------------------------------------
     0 | D:1      | Dox the Octopode Fighter began the quest for the Orb.
     0 | D:1      | Reached XP level 1. HP: 16/16 MP: 1/1
   210 | D:1      | Reached XP level 2. HP: 19/21 MP: 2/2
   498 | D:1      | Reached skill level 1 in Stealth
   802 | D:2      | Reached skill level 1 in Unarmed Combat
   802 | D:2      | Reached XP level 3. HP: 26/26 MP: 3/3
  1095 | D:2      | Reached skill level 2 in Stealth
  1175 | D:2      | Reached XP level 4. HP: 31/31 MP: 4/4
  1285 | D:3      | Noticed Ijyb
  1285 | D:3      | Paralysed by Ijyb for 3 turns
  1296 | D:3      | Killed Ijyb
  1397 | D:3      | Noticed Sigmund
  1410 | D:3      | Killed Sigmund
  1410 | D:3      | Reached skill level 1 in Throwing
  1410 | D:3      | Reached skill level 3 in Stealth
  1410 | D:3      | Reached XP level 5. HP: 22/36 MP: 5/5
  1410 | D:3      | Reached XP level 6. HP: 26/42 MP: 6/6
  1456 | D:3      | Noticed Jessica
  1463 | D:3      | Killed Jessica
  1631 | D:3      | Found a bloodstained altar of Trog.
  1711 | D:3      | Reached skill level 4 in Stealth
  2319 | D:4      | Reached skill level 5 in Stealth
  2349 | D:4      | Found a staircase to the Ecumenical Temple.
  2355 | Temple   | Entered the Ecumenical Temple
  2538 | D:4      | Noticed Grinder
  2555 | D:4      | Killed Grinder
  2555 | D:4      | Reached XP level 7. HP: 36/47 MP: 7/7
  2581 | D:4      | Noticed Pikel
  2601 | D:4      | Killed Pikel
  2601 | D:4      | Reached skill level 5 in Short Blades
  2601 | D:4      | Reached skill level 7 in Stealth
  2601 | D:4      | Reached XP level 8. HP: 11/54 MP: 8/8
  2912 | D:4      | Noticed Name63's ghost (amateur GnWn)
  2917 | D:4      | Killed Name63's ghost
  3295 | D:5      | Entered Level 5 of the Dungeon
  3295 | D:5      | Noticed Dox's ghost (novice OpFi)
  3969 | D:5      | Reached skill level 1 in Evocations
  4110 | D:6      | Noticed Duvessa
  4113 | D:6      | Noticed Dowan
  4122 | D:6      | Killed Dowan
  4122 | D:6      | Reached skill level 8 in Stealth
  4135 | D:6      | Slain by Duvessa

Skill      XL: |  1  2  3  4  5  6  7  8 |
---------------+-------------------------+-----
Stealth        | 1 2 3 5 7 8 |  8.0
Unarmed Combat | 1 2 3 |  3.9
Short Blades   | 3 4 5 |  5.6
Throwing       | 1 2 |  2.6
Fighting       | 4 |  4.2
Dodging        | 4 |  4.1
Shields        | 4 |  4.1
Evocations     | 1 |  1.3

Action                   |  1- 3 |  4- 6 |  7- 9 || total
-------------------------+-------+-------+-------++-------
Melee: Rapier            |    58 |    47 |       ||   105
       Constrict         |    12 |    16 |    15 ||    43
       Tentacles         |     7 |    13 |    23 ||    43
       Dagger            |       |    16 |    96 ||   112
       Punch             |       |     2 |     6 ||     8
Throw: Stone             |    44 |    16 |    20 ||    80
Evoke: Wand              |       |       |     2 ||     2
  Use: Potion            |       |     2 |       ||     2
 Stab: Sleeping          |     6 |     9 |     3 ||    18
       Distracted        |       |     1 |       ||     1
       Paralysed         |       |       |     1 ||     1
  Eat: Chunk             |     1 |     4 |     5 ||    10
Armor: Skin              |     5 |     4 |       ||     9
Dodge: Dodged            |    21 |    19 |    18 ||    58
Block: Shield            |    20 |    12 |    19 ||    51
